 Dungeon Crawl Stone Soup version 0.26.1-2-gb8aa6d0cf2 (webtiles) character file.

Game seed: 14208710483007241035

19773 jlumianski the Cleaver (level 12, -2/110 HPs)
             Began as a Palentonga Fighter on Mar 2, 2021.
             Was a High Priest of Okawaru.
             Slain by a sixfirhy (12 damage)
             ... in a Gauntlet.
             The game lasted 01:25:11 (19598 turns).

jlumianski the Cleaver (Palentonga Fighter)        Turns: 19598, Time: 01:25:11

Health: -2/110     AC: 32    Str: 24    XL:     12   Next: 39%
Magic:  12/14      EV:  8    Int: 13    God:    Okawaru [*****.]
Gold:   800        SH: 13    Dex:  9    Spells: 11/11 levels left

rFire    . . .     SeeInvis +   r - +1 broad axe (flame)
rCold    . . .     Faith    .   c - +0 kite shield
rNeg     . . .     Spirit   .   E - +0 plate armour
rPois    .         Reflect  .   q - +2 helmet {Int+3}
rElec    .         Harm     .   v - +0 cloak
rCorr    +         Rampage  .   H - +0 pair of gloves
Will     .....     NoTele   +   (no barding)
Stlth    ..........             (no amulet)
HPRegen  0.28/turn              w - ring of resist corrosion
MPRegen  0.14/turn              d - +4 ring of protection

@: heroism, curled up
A: large, rugged brown scales 3, see invisible, deformed body, roll 1, armoured
tail, reflexive curl
a: Rolling Charge, Renounce Religion, Heroism, Finesse


You were in a Gauntlet.
You worshipped Okawaru.
Okawaru was extremely pleased with you.
You visited 4 branches of the dungeon, and saw 15 of its levels.
You also visited: Bailey and Gauntlet.

You collected 1714 gold pieces.
You spent 914 gold pieces at shops.

Inventory:

Hand Weapons
 j - the +6 hunting sling of the Well-Known Ships {freeze, +Inv rPois MP+9 Int+2 Stlth+}
   (You found it on level 11 of the Dungeon)

   It causes projectiles fired from it to freeze those they strike, causing
   extra injury to most foes and up to half again as much damage against
   particularly susceptible opponents.
   They can also slow down cold-blooded creatures.
   It affects your intelligence (+2).
   It protects you from poison.
   It affects your magic capacity (+9).
   It lets you turn invisible.
   It makes you more stealthy.
 l - a +2 hand axe of flaming
 r - a +1 broad axe of flaming (weapon)
 x - a +3 hand axe of venom
 K - a +2 morningstar of flaming
 Q - a +1 war axe of draining
Missiles
 e - 6 throwing nets
 i - 11 poisoned darts
 t - 8 curare-tipped darts
 G - 6 datura-tipped darts
 P - 9 boomerangs
 R - 15 javelins (quivered)
Armour
 c - a +0 kite shield (worn)
 q - a +2 helmet of intelligence (worn)
 v - a +0 cloak (worn)
 y - a +0 chain mail
 E - a +0 plate armour (worn)
 H - a +0 pair of gloves (worn)
Jewellery
 d - a +4 ring of protection (right hand)
 p - an uncursed ring of ice
 u - an uncursed amulet of magic regeneration
 w - a ring of resist corrosion (left hand)
 z - an uncursed ring of ice
 M - the amulet "Metid" {Inacc +Inv rC++ Str-3}
   (You found it in a Gauntlet)

   [amulet of inaccuracy]

   It reduces the accuracy of all your attacks.
   It affects your strength (-3).
   It greatly protects you from cold.
   It lets you turn invisible.
 O - a +6 ring of intelligence
Wands
 b - a wand of flame (14)
 g - a wand of iceblast (10)
 F - a wand of paralysis (3)
 I - a wand of disintegration (23)
 J - a wand of acid (10)
Scrolls
 f - 3 scrolls of identify
 o - 2 scrolls of remove curse
 s - 4 scrolls of teleportation
 B - 3 scrolls of fog
 C - a scroll of fear
 L - a scroll of brand weapon
Potions
 a - a potion of degeneration
 h - 6 potions of curing
 m - a potion of ambrosia
 A - 2 potions of flight
 D - 3 potions of mutation {unknown}
 N - 3 potions of attraction
Miscellaneous
 k - a condenser vane (inert)
 n - a lightning rod (4/4)
 S - a box of beasts (inert)


   Skills:
 + Level 8.3(13.3) Fighting
 + Level 12.7(17.7) Axes
 + Level 1.9(6.9) Throwing
 + Level 8.8(13.8) Armour
 + Level 3.1(8.1) Dodging
 - Level 0.2(5.2) Stealth
 + Level 7.5(12.5) Shields
 * Level 3.9 Invocations
 + Level 0.2 Evocations


You had 11 spell levels left.
You didn't know any spells.
Your spell library was empty.

Dungeon Overview and Level Annotations

Branches:
Dungeon (11/15)            Temple (1/1) D:5            Lair (1/6) D:9
    Orc (2/2) D:10            Elf (0/3) Orc:2        Bailey (visited)
Gauntlet (1/1)

Altars:
Ashenzari
Cheibriados
Dithmenos
Elyvilon
Fedhas
Gozag
Hepliaklqana
Kikubaaqudgha
Makhleb
Nemelex Xobeh
Okawaru
Qazlal
Ru
Sif Muna
Trog
Uskayaw
Vehumet
Wu Jian
Xom
Yredelemnul
Zin
The Shining One
Beogh

Shops:
D:4 =   D:7 (   Orc:1 ?

Annotations:
D:2 1 runed translucent door, Crazy Yiuf
D:4 0gre's ghost, amateur GnIE
D:6 exclusion: oklob plant
Orc:1 3 runed translucent doors, Iduumew's ghost, adept FoFi; Teryn's ghost, journeyman DsAK; Xelitey Juot's ghost, novice MiFi
Orc:2 Saint Roka Gauntlet 10 transporters, exclusion: obsidian statue


Innate Abilities, Weirdness & Mutations

You are completely covered in rugged brown scales. (AC +3, +7% HP)
You have supernaturally acute eyesight. (SInv)
Armour fits poorly on your strangely shaped body.
You can roll at nearby foes to attack.
You have a long armoured tail.
You curl defensively after being hit.


Message History

You slash the sixfirhy! You burn the sixfirhy!
The sixfirhy completely misses you.
The sixfirhy hits you but does no damage. x2
You block the sixfirhy's attack. The sixfirhy hits you!
The sixfirhy shocks you! The sixfirhy hits you.
* * * LOW HITPOINT WARNING * * *
The sixfirhy shocks you!
* * * LOW HITPOINT WARNING * * *
The sixfirhy hits you but does no damage.
The sixfirhy hits you.
* * * LOW HITPOINT WARNING * * *
The sixfirhy shocks you!
* * * LOW HITPOINT WARNING * * *
You block the sixfirhy's attack. x2
The sixfirhy hits you but does no damage.
The sixfirhy barely misses you. The sixfirhy hits you.
* * * LOW HITPOINT WARNING * * *
The sixfirhy shocks you!
You die...

##########.#########.######
#≈.......#.#..≈§§..#.#.....
###........#©#.§.§§§.#©#.....
#8#..###########...##########
###..#.......^.#...#.........
#....#..^......#...#.##...##.
###....#..^......#...#..##.##..
#8#..###..^.33^§!#...#4. #.#...
###..#©#...3©.@.©#...#5. #©....
#..#.#..^...^.[#...#2. #.#..5
###..#.#.......^)#...#[. #.##.4
#8#..#.#.........#...#.# .##2
#####..#.#........^#...#.. ...4
.......#.###########...### ####
.......#.#...........≈.... ....
.#######.#######....≈8≈... ####
.#©...........©#.....≈§§.. ....


You could see 3 sixfirhies.

Vanquished Creatures
  A dire elephant (Gauntlet)
  A death ooze (Gauntlet)
  Fannar (D:10)
  2 two-headed ogres
  An unseen horror (D:10)
  3 orc sorcerers
  A cyclops (Orc:2)
  2 elephants (Gauntlet)
  Maurice (D:9)
  Maggie (D:7)
  A gargoyle (D:10)
  2 komodo dragons
  A troll (D:9)
  A hornet (D:10)
  A wyvern (D:9)
  A wraith (D:9)
  15 yaks
  2 wargs
  6 water moccasins
  9 orc warriors
  4 ice beasts
  2 black bears
  15 ogres
  4 sky beasts
  3 eyes of draining
  2 centaurs
  A big kobold (D:9)
  8 bullfrogs
  9 gnoll sergeants
  3 scorpions
  16 killer bees
  6 wights
  5 howler monkeys
  2 bullfrog zombies
  4 hounds
  4 jellies
  10 orc priests
  2 centaur skeletons
  6 gnoll shamans (Bailey)
  2 bullfrog skeletons
  Jessica (D:2)
  2 iguanas
  Terence (D:2)
  19 orc wizards
  9 worker ants
  A worker ant zombie (D:9)
  11 adders
  25 gnolls
  2 howler monkey skeletons (D:8)
  A river rat (D:4)
  5 shadow imps
  3 white imps
  3 ufetubi
  3 oozes
  2 adder skeletons (D:9)
  3 worms
  3 dart slugs
  10 leopard geckos
  55 orcs
  A ball python (D:1)
  6 bats
  2 bat zombies (D:2)
  7 giant cockroaches
  8 hobgoblins
  13 jackals
  6 quokkas
  14 frilled lizards
  A giant cockroach zombie (D:5)
  20 goblins
  7 kobolds
  A leopard gecko skeleton (D:4)
  A leopard gecko zombie (D:7)
  A quokka skeleton (D:5)
  6 rats
  A rat zombie (D:2)
415 creatures vanquished.

Vanquished Creatures (others)
  44 fungi
  68 plants
  4 withered plants (Orc:1)
116 creatures vanquished.

Grand Total: 531 creatures vanquished

Notes
Turn   | Place    | Note
-------+----------+-------------------------------------------
     0 | D:1      | jlumianski the Palentonga Fighter began the quest for the
                  | Orb.
     0 | D:1      | Reached XP level 1. HP: 20/20 MP: 1/1
   175 | D:1      | Reached XP level 2. HP: 27/27 MP: 2/2
   482 | D:1      | Reached XP level 3. HP: 33/33 MP: 3/3
  1020 | D:2      | Reached skill level 3 in Axes
  1071 | D:2      | Noticed Jessica
  1080 | D:2      | Killed Jessica
  1081 | D:2      | Reached XP level 4. HP: 23/40 MP: 4/4
  1830 | D:2      | Noticed Terence
  1837 | D:2      | Killed Terence
  1838 | D:2      | Reached XP level 5. HP: 42/48 MP: 5/5
  2223 | D:2      | Reached skill level 4 in Axes
  2287 | D:2      | Found a runed translucent door.
  2288 | D:2      | Noticed Crazy Yiuf
  2644 | D:2      | Found an ancient bone altar of Kikubaaqudgha.
  2826 | D:4      | Found a stormy altar of Qazlal.
  2887 | D:4      | Found Kimoyhuq's Jewellery Boutique.
  3474 | D:3      | Found a sacrificial altar of Ru.
  3572 | D:2      | Reached XP level 6. HP: 52/54 MP: 6/6
  4290 | D:4      | Found a runed translucent door.
  4292 | D:4      | Noticed 0gre's ghost (amateur GnIE)
  4326 | D:4      | Found a burning altar of Makhleb.
  4326 | D:4      | Found a hazy altar of Hepliaklqana.
  4633 | D:4      | Found a runed translucent door.
  4927 | D:5      | Entered Level 5 of the Dungeon
  4936 | D:5      | Reached skill level 1 in Dodging
  5176 | D:5      | Gained mutation: You curl defensively after being hit.
                  | [Palentonga growth]
  5176 | D:5      | Reached XP level 7. HP: 55/63 MP: 7/7
  5261 | D:5      | Reached skill level 5 in Axes
  6079 | D:5      | Got a smoking trident
  6081 | D:5      | Identified the cursed +1 trident of the Last Demons
                  | {vorpal, Will+ Stlth+} (You found it on level 5 of the
                  | Dungeon)
  6334 | D:5      | Found an opulent altar of Gozag.
  6402 | D:5      | Found a staircase to the Ecumenical Temple.
  6414 | Temple   | Entered the Ecumenical Temple
  6422 | Temple   | Became a worshipper of Warmaster Okawaru
  6742 | D:5      | Reached XP level 8. HP: 62/71 MP: 8/8
  6867 | D:6      | Reached skill level 6 in Axes
  6999 | D:6      | Found a blossoming altar of Fedhas.
  7014 | D:6      | Noticed an oklob plant
  7530 | D:6      | Reached skill level 7 in Axes
  7530 | D:6      | Reached skill level 5 in Armour
  7708 | D:6      | Got a scorched falchion
  7717 | D:6      | Identified the +7 falchion of Wounding {antimagic, Dex+2}
                  | (You found it on level 6 of the Dungeon)
  7823 | D:6      | Reached * piety under Okawaru
  7824 | D:6      | Reached skill level 5 in Fighting
  8233 | D:6      | Reached skill level 1 in Throwing
  8233 | D:6      | Reached XP level 9. HP: 56/79 MP: 1/9
  8327 | D:7      | Found a shimmering altar of Xom.
  8333 | D:7      | Found a bloodstained altar of Trog.
  8355 | D:7      | Found a shimmering altar of Xom.
  8356 | D:7      | Found a shimmering altar of Xom.
  8356 | D:7      | Found a shimmering altar of Xom.
  8446 | D:7      | Reached skill level 8 in Axes
  8462 | D:7      | Noticed Maggie
  8504 | D:7      | Killed Maggie
  8504 | D:7      | Reached ** piety under Okawaru
  8712 | D:7      | Noticed a water nymph
  8713 | D:7      | Found a shimmering altar of Xom.
  8713 | D:7      | Noticed a polar bear
  8713 | D:7      | an eye of draining changed into a polar bear
  8714 | D:7      | Noticed a glowing orange brain
  8714 | D:7      | a water nymph changed into a glowing orange brain
  8720 | D:7      | Found a shimmering altar of Xom.
  8978 | D:7      | Found Agad Elugu's Weapon Shoppe.
  8983 | D:7      | Bought a +1 war axe of draining for 186 gold pieces
  9125 | D:7      | Noticed a goliath frog
  9138 | D:7      | Noticed a five-headed hydra
  9138 | D:7      | Noticed a lindwurm
  9212 | D:8      | Reached skill level 9 in Axes
  9484 | D:8      | Found a glowing silver altar of Zin.
  9485 | D:8      | Noticed a two-headed ogre
  9500 | D:8      | Killed a two-headed ogre
  9501 | D:8      | Reached skill level 5 in Shields
  9501 | D:8      | Reached XP level 10. HP: 83/88 MP: 7/10
  9794 | D:8      | Reached *** piety under Okawaru
 10100 | D:8      | Found a shadowy altar of Dithmenos.
 10172 | D:8      | Got a fine scale mail
 10183 | D:8      | Identified the +1 scale mail "Laggin" {*Slow +Fly rElec
                  | Dex-3} (You found it on level 8 of the Dungeon)
 10272 | D:9      | Found a staircase to the Lair.
 10477 | D:8      | Reached skill level 10 in Axes
 11045 | D:9      | Reached **** piety under Okawaru
 11991 | D:8      | Reached XP level 11. HP: 92/97 MP: 11/11
 11998 | D:8      | Reached ***** piety under Okawaru
 12443 | D:9      | Found a white marble altar of Elyvilon.
 12623 | D:9      | Noticed Maurice
 12632 | D:9      | Killed Maurice
 12633 | D:9      | Reached skill level 11 in Axes
 12831 | D:10     | Entered Level 10 of the Dungeon
 13458 | D:10     | Noticed an unseen horror
 13486 | D:10     | Killed an unseen horror
 13537 | D:10     | Found a staircase to the Orcish Mines.
 13724 | D:10     | Noticed a two-headed ogre
 13736 | D:10     | Killed a two-headed ogre
 13863 | D:11     | Got a masterwork hunting sling
 13863 | D:11     | Noticed a red ugly thing
 14233 | D:10     | Noticed Fannar
 14258 | D:10     | Killed Fannar
 14258 | D:10     | Received a gift from Okawaru
 14565 | D:10     | Identified the +6 hunting sling of the Well-Known Ships
                  | {freeze, +Inv rPois MP+9 Int+2 Stlth+} (You found it on
                  | level 11 of the Dungeon)
 14628 | Orc:1    | Entered Level 1 of the Orcish Mines
 14628 | Orc:1    | Found Dutsyu's Magic Scroll Emporium.
 14638 | Orc:1    | Found a flagged portal.
 14647 | Bailey   | Entered a bailey
 14786 | Bailey   | Reached skill level 12 in Axes
 15606 | Orc:1    | Noticed an orc sorcerer
 15608 | Orc:1    | Noticed a sixfirhy
 15614 | Orc:1    | Noticed a sixfirhy
 15614 | Orc:1    | Found a runed translucent gate.
 15614 | Orc:1    | Found a runed translucent gate.
 16184 | D:10     | Reached skill level 1 in Invocations
 16482 | D:7      | Noticed a deep troll
 16484 | D:7      | Noticed a ghost moth
 16594 | D:4      | Bought a +4 ring of protection for 468 gold pieces
 16594 | D:4      | Bought an uncursed ring of resist corrosion for 260 gold
                  | pieces
 16846 | Orc:1    | Killed an orc sorcerer
 16988 | Orc:1    | Found a runed translucent gate.
 17126 | Orc:1    | Noticed Teryn's ghost (journeyman DsAK)
 17126 | Orc:1    | Noticed Iduumew's ghost (adept FoFi)
 17126 | Orc:1    | Noticed Xelitey Juot's ghost (novice MiFi)
 17146 | Orc:1    | Found a roughly hewn altar of Beogh.
 17344 | Orc:2    | Entered Level 2 of the Orcish Mines
 17400 | Orc:2    | Reached XP level 12. HP: 108/108 MP: 13/13
 17421 | Orc:2    | Found a staircase to the Elven Halls.
 17866 | Orc:2    | Found a roughly hewn altar of Beogh.
 18006 | Orc:2    | Noticed Saint Roka
 18493 | Orc:1    | Paralysed by an orc sorcerer for 7 turns
 18507 | D:10     | Received a gift from Okawaru
 18881 | Lair:1   | Entered Level 1 of the Lair of Beasts
 18936 | Lair:1   | Found a gate leading to a gauntlet.
 18983 | Gauntlet | Entered a Gauntlet
 18983 | Gauntlet | Found a transporter.
 18983 | Gauntlet | Found a transporter.
 18992 | Gauntlet | Found a transporter.
 18993 | Gauntlet | Noticed a death ooze
 19008 | Gauntlet | Found a transporter.
 19030 | Gauntlet | Found a transporter.
 19046 | Gauntlet | Found a transporter.
 19068 | Gauntlet | Found a transporter.
 19144 | Gauntlet | Found a transporter.
 19162 | Gauntlet | Found a transporter.
 19182 | Gauntlet | Found a transporter.
 19198 | Gauntlet | Found a transporter.
 19206 | Gauntlet | Noticed a blizzard demon
 19316 | Gauntlet | Found a transporter.
 19320 | Gauntlet | Found a transporter.
 19334 | Gauntlet | Killed a death ooze
 19504 | Gauntlet | Noticed a dire elephant
 19518 | Gauntlet | Found a transporter.
 19526 | Gauntlet | Killed a dire elephant
 19556 | Gauntlet | Got a scorched golden amulet
 19561 | Gauntlet | Identified the amulet "Metid" {Inacc +Inv rC++ Str-3} (You
                  | found it in a Gauntlet)
 19588 | Gauntlet | Found a transporter.
 19598 | Gauntlet | Slain by a sixfirhy

Illustrated notes

Levels and vault maps discovered:
D:1:      psy_arrival_spokes, layout_loops_ring, minmay_tall_x
D:2:      layout_basic, lemuel_zombie_altar_kikubaaqudgha, serial_forest,
          infiniplex_forest_lined_corner, infiniplex_forest_end_2,
          infiniplex_forest_lined_corner, infiniplex_forest_lined_3_way,
          infiniplex_forest_end_1, infiniplex_forest_lined_2,
          infiniplex_forest_clump_curved, infiniplex_forest_lined_corner,
          infiniplex_forest_straight_4, due_unseen_surprise, uniq_terence,
          uniq_jessica, uniq_crazy_yiuf_cottage
D:3:      layout_loops_cross, general_overflow_altar, serial_park_tiny_pond,
          minmay_door_square, dk_vineyard_2
D:4:      layout_cave_pools, lemuel_crystal_altar,
          gammafunk_temple_overflow_statue, serial_shops,
          nicolae_shop_waterfront, ebering_ghost_sewer_f
D:5:      layout_basic, kennysheep_mini, minmay_temple_entry_poolview,
          skrybe_limestone_x, minmay_lizard_king
D:6:      layout_basic, grunt_decor_junction, tgw_fedhas
D:7:      layout_rooms, trog_eyes_of_draining, serial_shops,
          kennysheep_little_box, xom_shifter_show, uniq_maggie
D:8:      layout_rooms, lemuel_crystal_altar, grunt_dithmenos_smoke
D:9:      layout_stronghold, elyvilon_altar_5, due_lair_maze_entry_diamond,
          uniq_maurice
D:10:     layout_stronghold, orc_0_dummy, uniq_fannar
D:11:     layout_irregular_city, nicolae_trove_entry_columns, serial_rivers,
          chequers_serial_rivers_marsh, chequers_serial_rivers_small_b,
          chequers_serial_rivers_small_b, chequers_serial_rivers_marsh,
          uniq_urug
Temple:   nicolae_temple_no_exploring_needed
Lair:1:   layout_regular_city, gauntlet_entry_generic,
          nicolae_volcano_entry_two_sided, gammafunk_ghost_grave,
          lemuel_fruit_fields, uniq_grum
Orc:1:    layout_caves, serial_shops, shop, gammafunk_ghost_cemetery,
          enter_bailey_5, basic_altar
Orc:2:    kennysheep_orc_mage_school, layout_caves, basic_altar, uniq_saint_roka
Gauntlet: gammafunk_gauntlet_branching [nicolae_gauntlet_arena_t_cross,
          nicolae_gauntlet_arena_blocks, gammafunk_gauntlet_arena_hedges,
          gammafunk_gauntlet_arena_spirals, gammafunk_gauntlet_arena_chambers,
          gammafunk_gauntlet_arena_grid, gammafunk_gauntlet_arena_split_x,
          gammafunk_gauntlet_arena_open, gauntlet_exit_watery]

Skill      XL: |  1  2  3  4  5  6  7  8  9 10 11 12 |
---------------+-------------------------------------+-----
Armour         | 3 4 5 6 7 8 |  8.8
Axes           | 3 4 5 7 9 10 12 | 12.7
Shields        | 3 4 5 6 7 |  7.5
Dodging        | 1 2 3 |  3.1
Fighting       | 4 5 6 7 8 |  8.3
Throwing       | 1 |  1.9
Invocations    | 2 3 |  3.9
Stealth        | |  0.2
Evocations     | |  0.2

Action                   |  1- 3 |  4- 6 |  7- 9 | 10-12 || total
-------------------------+-------+-------+-------+-------++-------
Melee: War axe           |   113 |   179 |    31 |   415 ||   738
       Tailslap          |    11 |    29 |    46 |    86 ||   172
       Hand axe          |       |    72 |   306 |       ||   378
       Broad axe         |       |       |       |   254 ||   254
Throw: Stone             |       |     7 |       |       ||     7
       Dart              |       |       |    16 |     9 ||    25
       Javelin           |       |       |       |     2 ||     2
Invok: Heroism           |       |       |     1 |    14 ||    15
       Finesse           |       |       |       |     1 ||     1
 Abil: Rolling Charge    |    22 |    33 |    30 |    57 ||   142
Evoke: Wand              |       |       |       |     5 ||     5
       Condenser vane    |       |       |       |     1 ||     1
       Box of beasts     |       |       |       |     1 ||     1
  Use: Potion            |       |     3 |     2 |    14 ||    19
       Scroll            |       |     8 |     6 |    12 ||    26
 Stab: Invisible         |       |       |       |     2 ||     2
Armor: Scale mail        |    60 |    98 |       |       ||   158
       Chain mail        |       |    30 |   124 |   232 ||   386
       Plate armour      |       |       |       |   160 ||   160
Dodge: Dodged            |    22 |    53 |    46 |   185 ||   306
Block: Kite shield       |    54 |   125 |   116 |   493 ||   788
